 Dungeon Crawl Stone Soup version 0.31-a0-182-gc5ef74bbde (webtiles) character file.

Game seed: 8547690716556120847

37 PimpSugar the Magician (level 3, -1/25 HPs)
             Began as a Demonspawn Hedge Wizard on June 21, 2023.
             Slain by a jackal (2 damage)
             ... on level 2 of the Dungeon.
             The game lasted 00:03:31 (1102 turns).

PimpSugar the Magician (Demonspawn Hedge Wizard)    Turns: 1102, Time: 00:03:31

Health: -1/25      AC:  2    Str:  7 (10) XL:     3   Next: 21%
Magic:  7/7        EV: 12    Int: 14 (17) God:
Gold:   64         SH:  4    Dex:  9 (12) Spells: 5/8 levels left

rFire   . . .        a - +0 dagger
rCold   . . .        (no shield)
rNeg    . . .        b - +0 robe
rPois   .            c - +0 hat
rElec   .            (no cloak)
rCorr   .            (no gloves)
SInv    .            (no boots)
Will    .....        (no amulet)
Stlth   ++           (no ring)
HPRegen 0.24/turn    (no ring)
MPRegen 0.10/turn

%: no passive effects
@: attractive
A: large bone plates 1, foul stench 1
a: no special abilities


You were on level 2 of the Dungeon.
You visited 1 branch of the dungeon, and saw 2 of its levels.

You collected 64 gold pieces.

Inventory:

Hand Weapons
 a - a +0 dagger (weapon)
Missiles
 f - 20 stones
Armour
 b - a +0 robe (worn)
 c - a +0 hat (worn)
Scrolls
 e - 2 scrolls of poison {unknown}
Potions
 h - a potion of degeneration


   Skills:
 + Level 0.7 Fighting
 + Level 2.0 Dodging
 + Level 2.0 Stealth
 * Level 3.3 Spellcasting
 * Level 1.5 Conjurations
 + Level 1.3 Summonings
 + Level 1.1 Translocations


You had 5 spell levels left.
You knew the following spells:

 Your Spells              Type           Power      Damage    Failure   Level
a - Magic Dart            Conj           24%        1d4       11%         1
b - Call Imp              Summ           12%        N/A       19%         2

Your spell library contained the following spells:

 Spells                   Type           Power      Damage    Failure   Level
 Blink                    Tloc           10%        N/A       19%         2
 Slow                     Hex            8%         N/A       21%         1
 Cigotuvi's Dreadful Rot  Necr/Pois/Air  4%         N/A       30%         2
 Mephitic Cloud           Conj/Pois/Air  3%         N/A       45%         3


Dungeon Overview and Level Annotations

Branches:
Dungeon (2/15)

Altars:


Innate Abilities, Weirdness & Mutations

You are partially covered in large bone plates. (SH +4)
You may rarely emit foul miasma when damaged in melee.


Message History

The jackal closely misses you. x2; The bat misses your cerulean imp.
Your cerulean imp hits the jackal with a -4 spear.
The jackal bites you.
* * * LOW HITPOINT WARNING * * *
The bat is attracted toward you. Magic courses through your body.
You block the bat's attack. x2
The jackal bites you.
* * * LOW HITPOINT WARNING * * *
You block the jackal's attack.
The bat hits your cerulean imp but does no damage.
Your cerulean imp misses the jackal.
Aiming: Magic Dart (safe; 11% risk of failure)
Press: ? - help, Q - select action, (/) - cycle Shift-Dir - straight line, f/p - jackal
Aim: a jackal (severely wounded, ally target, 100% to hit)
The magic dart hits the jackal but does no damage.
The jackal is severely wounded.
The bat hits you but does no damage.
The bat closely misses your cerulean imp.
The jackal bites you.
* * * LOW HITPOINT WARNING * * *
The jackal closely misses you.
Your cerulean imp completely misses the jackal.
The bat misses your cerulean imp. The jackal attacks as you move away!
The jackal misses you. The bat barely misses you. You block the bat's attack.
The jackal misses you.
Your cerulean imp barely misses the jackal.
Your magical contamination has completely faded away.
The bat barely misses you. You block the jackal's attack.
You block the bat's attack.
Your cerulean imp closely misses the jackal.
The bat is attracted toward you. The jackal attacks as you move away!
The jackal closely misses you. The bat attacks as you move away!
The bat hits you.
* * * LOW HITPOINT WARNING * * *
The bat hits you but does no damage. x2; The jackal closely misses you.
The jackal is attracted toward you. The jackal attacks as you move away!
The jackal barely misses you.
Your cerulean imp barely misses the jackal.
The jackal attacks as you move away! The jackal bites you.
You die...

### #.. #.# #
#.# .#
#####+##@# ..#
.......#h# ...#
.......bh#....#
........b..#
.......5.#.#
...........#
...........#
...........+
...........#


You could see 2 jackals, 2 bats and a friendly cerulean imp (summoned).

Vanquished Creatures
  2 dart slugs (D:1)
  2 endoplasms (D:1)
  A giant cockroach (D:1)
  2 goblins (D:1)
  A hobgoblin (D:2)
  A jackal (D:2)
  A quokka (D:1)
  4 ball pythons (D:1)
  2 frilled lizards (D:1)
  2 kobolds (D:1)
  2 rats (D:1)
20 creatures vanquished.

Vanquished Creatures (collateral kills)
  2 bats (D:1)
  2 goblins (D:1)
  2 hobgoblins (D:1)
  2 kobolds (D:1)
  A quokka (D:1)
  A frilled lizard (D:1)
10 creatures vanquished.

Grand Total: 30 creatures vanquished

Notes
Turn   | Place    | Note
-------+----------+-------------------------------------------
     0 | D:1      | PimpSugar the Demonspawn Hedge Wizard began the quest for
                  | the Orb.
     0 | D:1      | Reached XP level 1. HP: 13/13 MP: 4/4
   105 | D:1      | Reached skill level 1 in Translocations
   203 | D:1      | Gained mutation: You may rarely emit foul miasma when
                  | damaged in melee. [demonic ancestry]
   203 | D:1      | Reached XP level 2. HP: 19/19 MP: 6/6
   286 | D:1      | Learned a level 2 spell: Call Imp
   700 | D:1      | Gained mutation: You are partially covered in large bone
                  | plates. (SH +4) [demonic ancestry]
   700 | D:1      | Reached XP level 3. HP: 12/25 MP: 5/7
  1097 | D:2      | HP: 1/25 [jackal (1)]
  1102 | D:2      | Slain by a jackal

Illustrated notes

Levels and vault maps discovered:
D:1:      psy_arrival_dodecagon, layout_basic, minmay_tetromino_i4
D:2:      layout_basic, uniq_natasha

Skill      XL: |  1  2 |
---------------+-------+-----
Translocations | 1 |  1.1
Stealth        | 2 |  2.0
Dodging        | 2 |  2.0
Fighting       | |  0.7
Spellcasting   | |  3.3
Conjurations   | |  1.5
Summonings     | |  1.3

Action                     || total
---------------------------++-------
  Melee: Dagger            ||    67
   Cast: Magic Dart        ||    30
         Call Imp          ||     6
    Use: Potion            ||     3
   Stab: Sleeping          ||     1
 Armour: Robe              ||    30
  Dodge: Dodged            ||    91
  Block: Other             ||    15

Table legend: (Time is in decaauts)
 A = Elapsed time spent in this place.
 B = Non-inter-level travel time spent in this place.
 C = Inter-level travel time spent in this place.
 D = Time resting spent in this place.
 E = Time spent auto-exploring this place.
 F = Levels seen in this place.
 G = Mean time per level.
                   A        B        C        D        E       F      G
               +--------+--------+--------+--------+--------+-----+--------+
         Total |   1101 |   1087 |     14 |     10 |    821 |   2 |  550.5 |
       Dungeon |   1101 |   1087 |     14 |     10 |    821 |   2 |  550.5 |
               +--------+--------+--------+--------+--------+-----+--------+

Top non-repeatable levels by time:
     D:1: 1075 daAuts
     D:2: 26 daAuts
